 Dungeon Crawl Stone Soup version 0.28.0 (webtiles) character file.

Game seed: 16506884854167876629

739 browni3141 the Chopper (level 7, -16/63 HPs)
             Began as a Minotaur Berserker on Feb 17, 2022.
             Was a Believer of Trog.
             Demolished by an ogre (27 damage)
             ... on level 5 of the Dungeon.
             The game lasted 00:02:09 (3359 turns).

browni3141 the Chopper (Minotaur Berserker)         Turns: 3359, Time: 00:02:09

Health: -16/63     AC: 12    Str: 24    XL:     7   Next: 46%
Magic:  6/6        EV:  8    Int:  4    God:    Trog [**....]
Gold:   159        SH:  0    Dex:  9    Spells: 6/6 levels left

rFire   . . .      SeeInvis .   a - +0 hand axe
rCold   + . .      Faith    .   (no shield)
rNeg    . . .      Spirit   .   k - +0 chain mail
rPois   .          Reflect  .   (helmet restricted)
rElec   .          Harm     .   l - +1 cloak
rCorr   .          Rampage  .   (no gloves)
Will    .....                   (no boots)
Stlth   ..........              (no amulet)
HPRegen 0.20/turn               C - ring of protection from cold
MPRegen 0.10/turn               L - ring of flight

@: on berserk cooldown, flying, slowed, very slow
A: horns 2, retaliatory headbutt
a: Renounce Religion, Berserk, Trog's Hand


You were on level 5 of the Dungeon.
You worshipped Trog.
Trog was pleased with you.
You visited 1 branch of the dungeon, and saw 5 of its levels.

You collected 159 gold pieces.


Innate Abilities, Weirdness & Mutations

You have a pair of horns on your head.
You reflexively headbutt those who attack you in melee.


   Skills:
 + Level 6.1 Fighting
 * Level 7.9 Axes
 + Level 5.5 Armour
 - Level 2.1 Dodging


You had 6 spell levels left.
You didn't know any spells.
Your spell library was empty.

Inventory:

Hand Weapons
 a - a +0 hand axe (weapon)
Missiles
 g - 2 throwing nets (quivered)
Armour
 b - a +0 animal skin
 k - a +0 chain mail (worn)
 l - a +1 cloak (worn)
Jewellery
 C - a ring of protection from cold (left hand)
 L - a ring of flight (right hand)
Wands
 p - a wand of flame (22)
Scrolls
 c - 2 scrolls of identify {unknown}
 h - a scroll of amnesia {unknown}
 i - a scroll of silence {unknown}
 j - a scroll of brand weapon {unknown}
 m - a scroll of teleportation {unknown}
 q - a scroll of enchant armour {unknown}
 r - a scroll of blinking {unknown}
Potions
 d - a potion of magic {unknown}
 e - 2 potions of might {unknown}
 f - a potion of haste {unknown}
 n - a potion of attraction {unknown}
 o - 2 potions of curing {unknown}

Dungeon Overview and Level Annotations

Branches:
Dungeon (5/15)
 Temple: D:4-7

Altars:

Shops:
D:2

* .!. ....# ....
....#
....¦¦¦¦¦¦¦....#
...............#
...............#
#........)....#
#..........?..#
#<..)....#
####@....#
......O........
....#...#...#..
#. #.#...#.#...
#o..#.. #...#
......h.. ....
... #...#. #..
#.. .#...#) ..


You could see a black bear, an ogre and an orc.


Message History

No target in view!
No target in view!
Found a whip.
The ogre barely misses you.
Items here: ))) ††.
You hit the ogre. You headbutt the ogre!
The ogre is severely wounded.
You are no longer berserk.
You are exhausted.
You feel yourself slow down.
You barely miss the ogre. Your headbutt misses the ogre.
The ogre is severely wounded.
An orc comes into view. It is wielding a +0 dagger.
A black bear comes into view.
The ogre hits you with a +0 giant club.
* * * LOW HITPOINT WARNING * * *
The orc shouts!
You hit the ogre.
You headbutt the ogre, but do no damage.
The ogre is severely wounded.
The ogre hits you with a +0 giant club!
* * * LOW HITPOINT WARNING * * *
You are too injured to fight recklessly!
You are too injured to fight recklessly!
You are too injured to fight recklessly!
You are too injured to fight recklessly!
You are too injured to fight recklessly!
You hit the ogre.
The ogre is almost dead.
The ogre hits you with a +0 giant club!!
You die...

Skill      XL: |  1  2  3  4  5  6  7 |
---------------+----------------------+-----
Axes           | 4 5 6 7 |  7.9
Fighting       | 4 5 6 |  6.1
Armour         | 3 4 5 |  5.5
Dodging        | |  2.1

Action                   |  1- 3 |  4- 6 |  7- 9 || total
-------------------------+-------+-------+-------++-------
Melee: Hand axe          |    96 |    73 |    11 ||   180
       Punch             |     2 |     1 |       ||     3
       Headbutt          |    11 |    16 |     4 ||    31
Invok: Berserk           |       |     1 |       ||     1
Armor: Animal skin       |    20 |       |       ||    20
       Chain mail        |    10 |    37 |       ||    47
Dodge: Dodged            |    58 |    29 |     3 ||    90

Levels and vault maps discovered:
D:1:      minmay_arrival_up_and_down, layout_basic,
          hangedman_abyss_or_decor_lesser_grid, roderic_malta_cross
D:2:      layout_rooms, serial_shops, nicolae_shop_overgrown_old_shop,
          hellmonk_ecumenical_altar_arch_garden
D:3:      layout_basic, uniq_ijyb
D:4:      layout_basic, ebering_dispersal_statue_hall
D:5:      cheibrodos_fzero, layout_basic, gammafunk_ghost_necromancy

Notes
Turn   | Place    | Note
-------+----------+-------------------------------------------
     0 | D:1      | browni3141 the Minotaur Berserker began the quest for the
                  | Orb.
     0 | D:1      | Reached XP level 1. HP: 19/19 MP: 0/0
   286 | D:1      | Reached skill level 4 in Axes
   420 | D:1      | Reached XP level 2. HP: 27/27 MP: 1/1
   846 | D:2      | Reached skill level 4 in Fighting
   847 | D:2      | Found Vuqur's Assorted Antiques.
   858 | D:2      | Reached skill level 3 in Armour
   925 | D:2      | Reached XP level 3. HP: 27/33 MP: 2/2
  1202 | D:2      | Reached ** piety under Trog
  1208 | D:2      | Found a faded altar of an unknown god.
  1853 | D:3      | Reached XP level 4. HP: 39/40 MP: 3/3
  2038 | D:3      | Reached skill level 5 in Axes
  2124 | D:3      | Noticed Ijyb
  2139 | D:3      | Killed Ijyb
  2557 | D:4      | Reached XP level 5. HP: 47/47 MP: 4/4
  2664 | D:4      | Reached skill level 4 in Armour
  2755 | D:4      | Reached skill level 6 in Axes
  3334 | D:5      | Entered Level 5 of the Dungeon
  3334 | D:5      | Noticed an orc warrior
  3335 | D:5      | Noticed an ogre
  3336 | D:5      | Noticed a phantom
  3336 | D:5      | Noticed an ogre
  3339 | D:5      | Noticed an ogre
  3340 | D:5      | Killed an ogre
  3341 | D:5      | Reached skill level 5 in Fighting
  3341 | D:5      | Reached XP level 6. HP: 56/56 MP: 5/5
  3345 | D:5      | Killed an orc warrior
  3347 | D:5      | Reached skill level 7 in Axes
  3348 | D:5      | Reached skill level 5 in Armour
  3348 | D:5      | Reached XP level 7. HP: 62/62 MP: 6/6
  3355 | D:5      | Reached skill level 6 in Fighting
  3359 | D:5      | Demolished by an ogre

Vanquished Creatures
  An orc warrior (D:5)
  3 ogres (D:5)
  A phantom (D:5)
  2 scorpions
  A hound (D:4)
  An iguana (D:5)
  Ijyb (D:3)
  3 adders
  A white imp (D:4)
  An ufetubus (D:4)
  An adder skeleton (D:2)
  2 worms (D:3)
  2 dart slugs
  4 orcs
  5 ball pythons
  4 endoplasms
  2 giant cockroaches (D:2)
  5 goblins
  11 hobgoblins
  3 quokkas
  6 bats
  5 frilled lizards
  2 kobolds
  3 rats
70 creatures vanquished.

Vanquished Creatures (others)
  A frilled lizard (D:2)
1 creature vanquished.

Grand Total: 71 creatures vanquished

Table legend: (Time is in decaauts)
 A = Elapsed time spent in this place.
 B = Non-inter-level travel time spent in this place.
 C = Inter-level travel time spent in this place.
 D = Time resting spent in this place.
 E = Time spent auto-exploring this place.
 F = Levels seen in this place.
 G = Mean time per level.
                   A        B        C        D        E       F      G
               +--------+--------+--------+--------+--------+-----+--------+
         Total |   3359 |   3244 |    115 |      0 |   2739 |   5 |  671.8 |
       Dungeon |   3359 |   3244 |    115 |      0 |   2739 |   5 |  671.8 |
               +--------+--------+--------+--------+--------+-----+--------+

Top non-repeatable levels by time:
     D:4: 929 daAuts
     D:3: 869 daAuts
     D:1: 810 daAuts
     D:2: 731 daAuts
     D:5: 18 daAuts

Table legend:
 A = Non-vault XP
 B = Vault XP
 C = Vault XP percentage of total XP
 D = Non-vault monster count
 E = Vault monster count
 F = Vault count percentage of total count
                 A         B        C        D         E       F
            +---------+---------+-------+---------+---------+-------
      Total |     284 |     772 |  73.1 |      61 |       9 |  12.9
            +---------+---------+-------+---------+---------+-------
        D:1 |      27 |       0 |   0.0 |      15 |       0 |   0.0
        D:2 |      53 |       0 |   0.0 |      20 |       0 |   0.0
        D:3 |      28 |      36 |  56.2 |      13 |       1 |   7.1
        D:4 |     176 |       0 |   0.0 |      13 |       0 |   0.0
        D:5 |       0 |     736 | 100.0 |       0 |       8 | 100.0
            +---------+---------+-------+---------+---------+-------
